 Dungeon Crawl Stone Soup version 0.20.0-10-g0535bb4 (webtiles) character file.

263 Peloso the Shield-Bearer (level 5, -3/47 HPs)
             Began as a Minotaur Fighter on June 4, 2017.
             Slain by Nightblair's ghost (9 damage)
             ... on level 4 of the Dungeon.
             The game lasted 00:07:07 (2132 turns).

Peloso the Shield-Bearer (Minotaur Fighter)         Turns: 2132, Time: 00:07:07

Health: -3/47      AC:  7    Str: 26    XL:     5   Next: 98%
Magic:  4/4        EV:  8    Int:  5    God:
Gold:   169        SH: 11    Dex: 10    Spells: 4/4 levels left

rFire    . . .     SeeInvis .   m - +0 short sword (curse)
rCold    . . .     Gourm    .   c - +1 shield
rNeg     . . .     Faith    .   b - +0 scale mail
rPois    +         Spirit   .   (helmet restricted)
rElec    .         Reflect  .   (no cloak)
rCorr    .         Harm     .   (no gloves)
MR       .....                  (no boots)
Stlth    ..........             q - amulet of inaccuracy (curse)
Regen    0.2/turn               k - ring of poison resistance
MPRegen  0.1/turn               (no ring)

@: mighty
A: retaliatory headbutt, horns 2
a: no special abilities


You were on level 4 of the Dungeon.
You were not hungry.

You visited 1 branch of the dungeon, and saw 4 of its levels.

You collected 169 gold pieces.

Inventory:

Hand Weapons
 a - a +0 long sword
 m - a cursed +0 short sword (weapon)
Armour
 b - a +0 scale mail (worn)
 c - a +1 shield (worn)
Jewellery
 k - a ring of poison resistance (left hand)
 p - an uncursed amulet of faith {unknown}
 q - a cursed amulet of inaccuracy (around neck)
Scrolls
 e - a scroll of recharging
 l - a scroll of amnesia
 n - a scroll of teleportation
Potions
 d - a potion of might
 g - 3 potions of heal wounds
 i - a potion of curing
 j - a potion of agility {unknown}
Comestibles
 f - 3 bread rations
 h - 4 royal jellies
 o - 2 meat rations
 r - 2 chunks of flesh


   Skills:
 + Level 4.7 Fighting
 + Level 0.4(2.3) Short Blades
 + Level 4.1(4.2) Long Blades
 + Level 4.8 Armour
 + Level 1.6 Dodging
 + Level 0.5 Stealth
 + Level 5.1 Shields


You had 4 spell levels left.
You didn't know any spells.

Dungeon Overview and Level Annotations

Branches:
Dungeon (4/15)
 Temple: D:4-7

Altars:

Annotations:
D:4 Nightblair's ghost, novice DrTm


Innate Abilities, Weirdness & Mutations

You reflexively headbutt those who attack you in melee.
You have a pair of horns on your head.


Message History

You block Nightblair's ghost's attack.
You hit Nightblair's ghost but do no damage.
Nightblair's ghost is severely damaged.
Nightblair's ghost hits you!
You miss Nightblair's ghost.
Your headbutt misses Nightblair's ghost.
Nightblair's ghost is severely damaged.
Nightblair's ghost hits you!
* * * LOW HITPOINT WARNING * * *
You closely miss Nightblair's ghost.
Your headbutt misses Nightblair's ghost.
Nightblair's ghost is severely damaged.
Nightblair's ghost hits you.
* * * LOW HITPOINT WARNING * * *
You miss Nightblair's ghost.
Your headbutt misses Nightblair's ghost.
Nightblair's ghost is severely damaged.
Nightblair's ghost whispers, "The ORB doesn't exist."
Nightblair's ghost hits you!
You die...

.....<... #.
......... .. .....W.
#. .....# ..
#####....# .#
.#####.[.#... .#
.....#.#.#.#######.#
#.#)..#.......W@..#
#.#.#.###.#########
...#.....#
#.#.###...#
...#.......#
.#.###.....#
.#........##
###.....## ..[..##†#


You could see Nightblair's ghost.

Vanquished Creatures
  Natasha (thrice) (D:2)
  A worker ant (D:4)
  A killer bee zombie (D:3)
  6 adders
  An ooze (D:2)
  An adder skeleton (D:4)
  2 dart slugs
  2 leopard geckos
  2 orcs
  6 giant cockroaches
  12 goblins
  9 hobgoblins
  3 jackals (D:1)
  4 quokkas
  2 ball pythons (D:3)
  10 bats
  4 frilled lizards
  4 kobolds
  7 rats
80 creatures vanquished.

Notes
Turn   | Place    | Note
-------+----------+-------------------------------------------
     0 | D:1      | Peloso the Minotaur Fighter began the quest for the Orb.
     0 | D:1      | Reached XP level 1. HP: 19/19 MP: 0/0
    69 | D:1      | Reached XP level 2. HP: 22/27 MP: 1/1
   380 | D:1      | Reached XP level 3. HP: 28/33 MP: 2/2
   388 | D:1      | Reached skill level 4 in Shields
   838 | D:2      | Noticed Natasha
   846 | D:2      | Killed Natasha
   846 | D:2      | Reached XP level 4. HP: 8/40 MP: 3/3
   858 | D:2      | Noticed Natasha
   863 | D:2      | Killed Natasha
  1089 | D:2      | Reached skill level 1 in Dodging
  1102 | D:2      | Noticed Natasha
  1108 | D:2      | Killed Natasha
  1108 | D:2      | Reached XP level 5. HP: 45/47 MP: 4/4
  1872 | D:3      | Reached skill level 5 in Shields
  2102 | D:4      | Noticed Nightblair's ghost (novice DrTm)
  2132 | D:4      | Slain by Nightblair's ghost

Skill      XL: |  1  2  3  4  5 |
---------------+----------------+-----
Fighting       | 4 |  4.7
Armour         | 4 |  4.8
Shields        | 4 5 |  5.1
Long Blades    | 3 4 |  4.1
Dodging        | 1 |  1.6
Short Blades   | |  0.4
Stealth        | |  0.5

Action                   |  1- 3 |  4- 6 || total
-------------------------+-------+-------++-------
Melee: Long sword        |    84 |    67 ||   151
       Headbutt          |     9 |    22 ||    31
       Short sword       |       |   110 ||   110
  Use: Potion            |       |     2 ||     2
       Scroll            |       |     5 ||     5
  Eat: Chunk             |       |     4 ||     4
Armor: Scale mail        |    43 |    66 ||   109
Dodge: Dodged            |    37 |    48 ||    85
Block: Shield            |    54 |   105 ||   159
       Rpst.: Long sword |     6 |     6 ||    12
